 Dungeon Crawl Stone Soup version 0.21-a0-70-g32e1473 (webtiles) character file.

538 Manul the Slasher (level 7, -7/41 HPs)
             Began as a Tengu Gladiator on June 18, 2017.
             Mangled by an iron imp (8 damage)
             ... summoned by Eustachio
             ... while paralysed by Ijyb
             ... on level 4 of the Dungeon.
             The game lasted 00:03:31 (2904 turns).

Manul the Slasher (Tengu Gladiator)                 Turns: 2904, Time: 00:03:31

Health: -7/41      AC:  5    Str: 15    XL:     7   Next: 26%
Magic:  0/8        EV:  2    Int:  8    God:
Gold:   104        SH:  0    Dex: 17    Spells: 6/6 levels left

rFire    . . .     SeeInvis .   a - +0 long sword
rCold    . . .     Gourm    .   (no shield)
rNeg     . . .     Faith    .   t - +0 ring mail
rPois    .         Spirit   +   c - +0 hat
rElec    .         Reflect  .   j - scarf {Spirit}
rCorr    .         Harm     .   (no gloves)
MR       .....                  (boots unavailable)
Stlth    +.........             (no amulet)
HPRegen  0.13/turn              (no ring)
MPRegen  0.11/turn              (no ring)

@: paralysed, lethally poisoned (-7 -> -17)
A: beak, talons 3, able to fly 1
a: Fly


You were on level 4 of the Dungeon.
You were hungry.

You visited 1 branch of the dungeon, and saw 4 of its levels.

You collected 104 gold pieces.

Inventory:

Hand Weapons
 a - a +0 long sword (weapon)
Missiles
 d - 3 throwing nets (quivered)
Armour
 b - a +0 leather armour
 c - a +0 hat (worn)
 j - a scarf of spirit shield (worn)
 o - a +0 ring mail
 t - a +0 ring mail (worn)
Wands
 p - a wand of confusion (25/48)
 r - a wand of polymorph (8/24)
Scrolls
 h - a scroll of immolation {unknown}
 i - a scroll of teleportation
 l - a scroll of magic mapping {unknown}
 m - 2 scrolls of identify
 n - 2 scrolls of remove curse
 v - a scroll of enchant weapon {unknown}
Potions
 e - a potion of magic
 g - 2 potions of ambrosia
 q - a potion of curing {unknown}
 w - a potion of agility {unknown}
Comestibles
 f - 3 bread rations
 k - a meat ration
 u - 2 fruits


   Skills:
 + Level 3.4 Fighting
 + Level 6.2 Long Blades
 + Level 2.0 Throwing
 + Level 3.1 Armour
 + Level 4.7 Dodging
 + Level 1.5 Stealth
 + Level 0.6 Evocations


You had 6 spell levels left.
You didn't know any spells.

Dungeon Overview and Level Annotations

Branches:
Dungeon (4/15)
 Temple: D:4-7

Altars:

Annotations:
D:4 Eustachio, Ijyb


Innate Abilities, Weirdness & Mutations

You have a beak for a mouth.
You have claws for feet.
You can fly.


Message History

The quokka bites you but does no damage.
Ijyb barely misses you.
You feel sick. The bat hits you but does no damage. The river rat bites you.
* * * LOW HITPOINT WARNING * * *
Eustachio hits you with a rapier.
* * * LOW HITPOINT WARNING * * *
The quokka bites you but does no damage.
The bat hits you but does no damage. Ijyb hits you but does no damage.
You are lethally poisoned!
* * * LOW HITPOINT WARNING * * *
You feel sick. The bat hits you.
* * * LOW HITPOINT WARNING * * *
The river rat bites you but does no damage.
Eustachio hits you with a rapier.
* * * LOW HITPOINT WARNING * * *
The quokka bites you.
* * * LOW HITPOINT WARNING * * *
The iron imp hits you but does no damage.
The iron imp hits you!
You die...

...... ......
##########......
................
................
................
........r....##
.?.....gr@...#
......5r@b...#
.......55....#
......####+###
...... ......
...... .....


You could see Eustachio, Ijyb, 2 iron imps, a river rat, a shadow imp, a quokka,
a bat and a rat.

Vanquished Creatures
  Grinder (D:3)
  The ghost of Manul the Slasher, an amateur TeGl (D:3)
  An orc wizard (D:3)
  A bullfrog skeleton (D:3)
  Robin (D:2)
  4 adders
  An ooze (D:2)
  3 worms
  8 dart slugs (D:3)
  12 orcs
  7 bats
  7 giant cockroaches
  13 goblins
  13 hobgoblins
  4 jackals (D:1)
  5 kobolds
  A quokka (D:2)
  4 frilled lizards
  9 rats
96 creatures vanquished.

Notes
Turn   | Place    | Note
-------+----------+-------------------------------------------
     0 | D:1      | Manul the Tengu Gladiator began the quest for the Orb.
     0 | D:1      | Reached XP level 1. HP: 12/12 MP: 2/2
    65 | D:1      | Reached XP level 2. HP: 17/17 MP: 3/3
   388 | D:1      | Reached XP level 3. HP: 17/21 MP: 4/4
   390 | D:1      | Reached skill level 4 in Long Blades
  1508 | D:2      | Reached XP level 4. HP: 26/27 MP: 5/5
  1590 | D:2      | Noticed Robin
  1604 | D:2      | Killed Robin
  2045 | D:2      | Reached skill level 1 in Armour
  2053 | D:3      | Gained mutation: You can fly. [Tengu growth]
  2053 | D:3      | Reached XP level 5. HP: 27/31 MP: 6/6
  2057 | D:3      | Reached skill level 5 in Long Blades
  2209 | D:3      | Noticed Manul's ghost (amateur TeGl)
  2237 | D:3      | Killed Manul's ghost
  2237 | D:3      | Reached XP level 6. HP: 30/37 MP: 4/7
  2240 | D:3      | Reached skill level 1 in Stealth
  2355 | D:3      | Noticed Grinder
  2538 | D:3      | Killed Grinder
  2538 | D:3      | Reached skill level 6 in Long Blades
  2538 | D:3      | Reached XP level 7. HP: 39/41 MP: 8/8
  2892 | D:4      | Noticed Ijyb
  2892 | D:4      | Noticed Eustachio
  2896 | D:4      | Paralysed by Ijyb for 3 turns
  2900 | D:4      | Paralysed by Ijyb for 7 turns
  2904 | D:4      | HP: 2/41 [Eustachio/rapier (1)]
  2904 | D:4      | Mangled by an iron imp

Vault maps used:
D:1:      matt_arrival_spirals, minmay_tree_intersection
D:2:      uniq_robin
D:3:      kennysheep_slugbush, uniq_grinder
D:4:      minmay_temple_entry_from_below_b, serial_shops, shop, uniq_ijyb,
          uniq_pikel, uniq_natasha, uniq_eustachio

Skill      XL: |  1  2  3  4  5  6 |
---------------+-------------------+-----
Long Blades    | 4 5 6 |  6.2
Armour         | 1 2 3 |  3.1
Fighting       | 3 |  3.4
Dodging        | 4 |  4.7
Stealth        | 1 |  1.5
Throwing       | |  2.0
Evocations     | |  0.6

Action                   |  1- 3 |  4- 6 |  7- 9 || total
-------------------------+-------+-------+-------++-------
Melee: Long sword        |    69 |   138 |     3 ||   210
       Kick              |    25 |    57 |     1 ||    83
       Peck              |    11 |    23 |     1 ||    35
Evoke: Wand              |       |     3 |       ||     3
  Use: Scroll            |       |     4 |       ||     4
       Potion            |       |     2 |       ||     2
 Stab: Invisible         |       |     2 |       ||     2
       Confused          |       |     1 |       ||     1
  Eat: Chunk             |     2 |     4 |       ||     6
Armor: Leather armour    |    15 |       |       ||    15
       Ring mail         |     6 |    52 |    15 ||    73
Dodge: Dodged            |    59 |   140 |     7 ||   206
       Rpst.: Long sword |    13 |    46 |     2 ||    61
